Map: [ESL] NeoHumanity

Players

ShoWTimE - Winner!

  • Race: Protoss Protoss
  • Spawn Location: 5:00

Kas

  • Race: Terran Terran
  • Spawn Location: 11:00

Event: ESL SC2 Masters 2023 Summer (Regionals)

VOD

Have the link to the VOD?

Description

Time

  • Played on: May 5, 2023, 9:35 a.m.
  • Length: 15:38

All games in this series

Show
View Real Time Build Order
Export as new Build Order

ShoWTimE Protoss - Winner!

Build Orders: 1 Gate Expand, Blink Stalkers 

Get SALT Encoding   

  12  0:00  Probe  
  13  0:12  Probe  
  14  0:16  Pylon  
  14  0:24  Probe (Chrono Boost)  
  15  0:35  Gateway  
  15  0:36  Probe (Chrono Boost)  
  16  0:44  Probe (Chrono Boost)  
  16  0:45  Assimilator  
  17  0:51  Probe  
  18  1:03  Probe  
  19  1:15  Probe  
  20  1:22  Cybernetics Core  
  20  1:32  Nexus  
  20  1:34  Probe  
  21  1:41  Pylon  
  21  1:46  Probe  
  22  1:49  Assimilator  
  22  1:57  Adept (Chrono Boost)  
  22  1:58  Warp Gate (Chrono Boost)  
  22  1:59  Probe  
  25  2:11  Probe  
  26  2:22  Twilight Council  
  26  2:23  Probe  
  27  2:31  Stalker  
  27  2:35  Probe  
  30  2:38  Gateway  
  30  2:43  Probe  
  31  2:47  Probe  
  31  2:50  Blink (Chrono Boost)  
  32  2:56  Probe  
  33  2:59  Probe  
  34  3:08  Probe  
  34  3:11  Probe  
  36  3:18  Robotics Facility  
  36  3:20  Probe  
  36  3:23  Probe  
  38  3:27  Pylon  
  38  3:35  Probe x2  
  38  3:39  Stalker x2  
  44  3:50  Nexus  
  44  3:53  Probe  
  44  3:54  Probe  
  46  3:59  Assimilator  
  46  4:04  Stalker  
  46  4:05  Stalker  
  46  4:07  Probe  
  46  4:09  Probe  
  52  4:10  Observer  
  52  4:13  Assimilator  
  53  4:20  Pylon  
  53  4:21  Probe  
  52  4:31  Shield Battery  
  52  4:35  Pylon  
  52  4:38  Immortal (Chrono Boost)  
  56  4:44  Stalker x2  
  60  4:58  Probe x2  
  58  5:03  Probe  
  58  5:07  Stalker x2  
  58  5:10  Probe x2  
  58  5:12  Pylon  
  64  5:15  Probe  
  64  5:16  Observer (Chrono Boost)  
  64  5:21  Charge  
  66  5:22  Probe x2  
  66  5:27  Probe  
  69  5:34  Probe x2  
  69  5:35  Robotics Bay  
  71  5:36  Gateway  
  71  5:39  Probe  
  72  5:46  Probe x2  
  72  5:47  Gateway  
  74  5:51  Probe  
  75  5:58  Probe x2, Sentry  
  75  6:00  Gateway  
  75  6:01  Sentry  
  75  6:02  Observer  
  75  6:03  Probe, Gateway  
  83  6:06  Pylon  
  83  6:10  Probe x2  
  85  6:15  Gateway  
  85  6:16  Probe, Gateway  
  86  6:21  Colossus (Chrono Boost)  
  86  6:22  Forge  
  92  6:29  Pylon  
  92  6:37  Zealot x2, Sentry  
  97  6:43  Shield Battery  
  97  6:44  Pylon, Protoss Ground Weapons Level 1 (Chrono Boost)  
  97  6:45  Pylon  
  97  6:47  Extended Thermal Lance (Chrono Boost)  
  97  6:51  Pylon  
  97  6:53  Zealot  
  99  6:57  Colossus (Chrono Boost)  
  99  7:01  Pylon  
  105  7:05  Zealot  
  105  7:06  Zealot x2  
  111  7:10  Pylon  
  111  7:11  Zealot x2  
  115  7:17  Zealot x3  
  121  7:24  Pylon  
  121  7:34  Probe  
  121  7:35  Probe  
  123  7:40  Probe  
  123  7:42  Zealot x6, Assimilator  
  123  7:43  Assimilator  
  123  7:44  Colossus (Chrono Boost)  
  136  7:47  Probe  
  143  7:55  Zealot x2  
  143  7:56  Probe x2  
  149  7:59  Probe  
  150  8:08  Zealot x3  
  154  8:14  Zealot  
  156  8:24  Robotics Facility  
  157  8:29  Pylon  
  157  8:31  Pylon  
  157  8:33  Observer (Chrono Boost)  
  157  8:34  Pylon  
  156  8:40  Forge  
  157  8:41  Nexus  
  157  8:48  Pylon x2, Protoss Ground Weapons Level 2 (Chrono Boost)  
  157  8:49  Pylon  
  157  8:55  Zealot x7  
  171  8:58  Forge  
  171  9:01  Disruptor (Chrono Boost)  
  174  9:04  Shield Battery  
  174  9:06  Probe x2  
  174  9:07  Probe  
  174  9:08  Shield Battery  
  177  9:12  Stalker  
  177  9:15  Disruptor (Chrono Boost)  
  182  9:19  Stalker x2  
  184  9:24  Observer  
  184  9:26  Disruptor (Chrono Boost)  
  184  9:30  Protoss Ground Armor Level 1 (Chrono Boost)  
  187  9:39  Disruptor  
  187  9:41  Zealot x4  
  184  9:58  Zealot x3  
  184  9:59  Zealot  
  190  10:00  Disruptor  
  190  10:05  Zealot  
  184  10:14  Disruptor  
  187  10:22  Zealot x5, Gateway  
  187  10:24  Gateway  
  197  10:32  Zealot x2  
  173  10:46  Zealot x6  
  173  10:47  Disruptor (Chrono Boost)  
  173  10:49  Disruptor (Chrono Boost)  
  117  10:57  Protoss Ground Weapons Level 3 (Chrono Boost)  
  113  11:05  Probe x4  
  113  11:08  Stalker x5  
  127  11:13  Disruptor (Chrono Boost)  
  127  11:14  Disruptor (Chrono Boost)  
  132  11:19  Zealot x5  
  132  11:25  Observer  
  133  11:33  Zealot x5  
  133  11:38  Disruptor (Chrono Boost)  
  146  11:52  Zealot x5  
  146  11:53  Zealot, Protoss Ground Armor Level 2 (Chrono Boost)  
  146  11:54  Zealot x3  
  164  12:04  Protoss Shields Level 1 (Chrono Boost)  
  164  12:08  Stalker  
  164  12:13  Disruptor (Chrono Boost)  
  170  12:21  Disruptor (Chrono Boost)  
  149  12:24  Zealot x8  
  165  12:37  Stalker x2  
  165  12:40  Disruptor (Chrono Boost)  
  172  12:46  Disruptor  
  174  12:55  Dark Shrine  
  174  12:58  Zealot x2  
  174  12:59  Zealot x4  
  174  13:02  Nexus  
  174  13:05  Pylon  
  170  13:14  Disruptor  
  147  13:29  Stalker  
  147  13:30  Stalker x9  
  138  13:52  Colossus (Chrono Boost)  
  144  13:59  Colossus (Chrono Boost)  
  144  14:01  Zealot x8, Shield Battery  
  166  14:03  Shield Battery  
  166  14:07  Zealot x2  
  170  14:16  Unknown  
  170  14:24  Stalker  
  170  14:27  Stalker  
  169  14:31  Sentry x2  
  169  14:33  Stalker  
  171  14:39  Stalker x2  
  171  14:40  Stalker  
  171  14:48  Zealot x3  
  166  14:53  Zealot  
  155  15:01  Zealot  
  155  15:02  Zealot x2  
  158  15:09  Stalker x2  
  158  15:12  Zealot  
Show
View Real Time Build Order
Export as new Build Order

Kas Terran 

Build Orders:  

Get SALT Encoding   

  12  0:00  SCV  
  13  0:12  SCV  
  14  0:17  Supply Depot  
  14  0:24  SCV  
  15  0:38  SCV  
  15  0:40  Barracks  
  16  0:44  Refinery  
  16  0:50  SCV  
  17  1:03  SCV  
  18  1:15  SCV  
  19  1:28  Orbital Command, Marine  
  20  1:42  Command Center  
  20  1:46  Barracks Reactor  
  20  1:51  Supply Depot  
  20  1:53  SCV  
  21  2:05  SCV  
  21  2:07  Factory  
  22  2:17  Refinery  
  22  2:18  SCV  
  23  2:23  Marine x2  
  25  2:30  SCV  
  26  2:41  Marine x2  
  26  2:42  SCV  
  29  2:50  Factory Tech Lab  
  29  2:51  Starport  
  29  2:54  SCV  
  29  2:55  Orbital Command  
  30  2:59  Marine  
  30  3:00  Marine  
  32  3:06  SCV  
  33  3:13  Cyclone  
  33  3:18  SCV  
  37  3:21  SCV  
  37  3:27  Marine x2  
  38  3:29  Supply Depot  
  38  3:30  SCV  
  38  3:34  Medivac  
  43  3:37  SCV  
  44  3:42  SCV  
  44  3:44  Marine  
  44  3:45  Supply Depot  
  46  3:50  Marine, Siege Tank, SCV  
  46  3:54  SCV  
  46  3:55  Supply Depot  
  52  4:02  Marine, SCV  
  52  4:08  SCV, Marine  
  56  4:15  SCV  
  57  4:20  Marine  
  57  4:21  SCV  
  57  4:23  Siege Tank  
  62  4:26  Marine  
  62  4:27  SCV  
  64  4:38  Marine  
  61  4:48  Marine  
  61  4:50  SCV  
  61  4:56  Viking, Siege Tank  
  61  4:57  Barracks x2, Marine  
  61  5:02  SCV  
  61  5:06  Marine  
  59  5:07  SCV  
  59  5:14  SCV  
  59  5:15  Marine, Refinery, Engineering Bay  
  61  5:23  SCV, Marine  
  61  5:26  SCV  
  61  5:27  Supply Depot  
  64  5:28  Siege Tank  
  64  5:29  Supply Depot  
  64  5:32  Marine  
  64  5:34  Starport Tech Lab  
  64  5:35  SCV  
  66  5:38  Refinery  
  66  5:41  Terran Infantry Weapons Level 1, Marine  
  66  5:42  SCV  
  68  5:45  Barracks Tech Lab  
  68  5:50  Marine  
  68  5:54  SCV  
  70  5:59  Marine  
  71  6:04  Starport Reactor  
  71  6:05  Marauder, Combat Shield  
  71  6:07  Marine  
  71  6:08  Marine  
  75  6:11  Command Center  
  75  6:12  SCV x2, Supply Depot  
  75  6:13  Supply Depot  
  75  6:17  Marine  
  78  6:19  Barracks  
  78  6:20  Barracks  
  78  6:21  Stimpack  
  78  6:24  SCV  
  78  6:25  Marine  
  80  6:26  Marine x2  
  82  6:35  Marine  
  82  6:39  SCV x2  
  83  6:41  Supply Depot  
  83  6:42  Marine  
  83  6:43  Supply Depot  
  83  6:44  Marine, Factory Reactor, Marauder  
  83  6:46  Medivac x2  
  91  6:51  SCV x2  
  91  6:52  Marine  
  94  6:59  Ghost Academy  
  94  7:01  Marauder, Marine  
  96  7:03  SCV  
  96  7:05  SCV  
  96  7:06  Marauder  
  101  7:10  Marine  
  101  7:15  SCV  
  103  7:16  Medivac  
  103  7:17  Medivac  
  103  7:19  Marauder, Marine  
  103  7:22  Marauder  
  112  7:24  Concussive Shells  
  112  7:26  SCV  
  112  7:28  Marine  
  114  7:30  Marine  
  114  7:31  Marine, Ghost  
  115  7:37  Marine  
  115  7:40  SCV x2  
  115  7:41  Widow Mine  
  118  7:45  Marauder x2  
  118  7:46  Marine  
  118  7:47  Orbital Command  
  118  7:48  Marine x2  
  125  7:52  SCV  
  125  7:53  SCV  
  127  7:59  Viking  
  127  8:00  Ghost  
  131  8:06  Marauder  
  131  8:11  Marine  
  131  8:12  SCV x2  
  133  8:13  Marine  
  133  8:25  Supply Depot  
  133  8:26  Supply Depot  
  133  8:27  Marine x2, Supply Depot  
  133  8:28  Widow Mine, SCV x2, Viking  
  133  8:33  Refinery  
  141  8:46  Marine x2, SCV x2  
  141  8:47  Marauder x2, Marine  
  141  8:48  Viking, Terran Infantry Armor Level 1  
  152  8:49  Supply Depot x2  
  152  8:54  SCV  
  153  8:56  Marine x2  
  153  8:58  Viking  
  153  8:59  SCV  
  158  9:05  Marauder  
  158  9:08  Marauder x2  
  158  9:09  Marine  
  165  9:10  Marine  
  165  9:12  Widow Mine  
  165  9:15  Supply Depot  
  165  9:16  Supply Depot  
  168  9:18  Viking  
  168  9:22  Marine x2  
  172  9:26  Marauder  
  172  9:27  Viking  
  172  9:29  Marauder  
  172  9:30  Marauder  
  178  9:35  Marine x2  
  180  9:41  Marine  
  180  9:42  Marine  
  182  9:47  Marauder, Viking  
  182  9:51  Marauder  
  181  9:57  Viking  
  163  10:04  Marauder  
  164  10:09  Marauder  
  164  10:10  Marine x3  
  164  10:11  SCV  
  164  10:12  Marauder  
  172  10:17  SCV x2, Viking  
  172  10:19  Command Center  
  172  10:20  Missile Turret  
  176  10:26  Marauder  
  178  10:30  Marauder  
  178  10:33  Marine x2  
  178  10:34  Marauder  
  184  10:36  Armory, SCV  
  184  10:37  Engineering Bay  
  171  10:47  Marauder  
  171  10:48  Marine  
  132  10:51  Marauder  
  132  10:55  Marauder  
  125  11:01  Marine x3  
  125  11:03  Liberator x2  
  130  11:05  Marine  
  130  11:06  SCV x2  
  130  11:08  Marauder  
  135  11:13  Marauder  
  135  11:16  Ghost  
  139  11:20  SCV  
  139  11:28  Marine x3  
  139  11:29  Ghost  
  139  11:30  SCV  
  139  11:32  SCV  
  146  11:34  Marauder  
  148  11:45  Marauder  
  148  11:46  Medivac x2  
  153  11:47  Barracks  
  153  11:48  Barracks x2  
  153  11:49  Marine  
  153  11:52  Marine x2  
  156  11:56  Marauder, Planetary Fortress  
  156  11:58  Marauder, SCV  
  156  11:59  SCV  
  162  12:07  Marine x2  
  164  12:16  Liberator x2  
  161  12:24  Marine  
  161  12:25  Marine x2, Marauder x2  
  168  12:31  Factory Reactor  
  168  12:33  Terran Infantry Armor Level 2  
  168  12:35  Starport  
  168  12:36  SCV x2  
  170  12:37  SCV, Refinery  
  170  12:38  SCV, Barracks Tech Lab  
  170  12:39  Barracks Reactor, Barracks Tech Lab  
  170  12:40  Refinery  
  172  12:46  Refinery  
  172  12:48  SCV x2  
  172  12:50  Marauder x2  
  178  12:52  Marine x4  
  178  12:54  SCV  
  183  12:59  Liberator, Medivac  
  158  13:26  SCV x2  
  154  13:29  Medivac  
  132  13:43  Marauder x2  
  132  13:45  Marine x4, Marauder x2  
  118  13:51  Marauder  
  118  13:52  Marine x2  
  118  13:53  Medivac  
  122  13:59  Medivac  
  122  14:02  Command Center  
  124  14:03  Marine x4  
  124  14:05  Marauder x2  
  124  14:07  Marauder x2  
  136  14:10  Marine x2  
  136  14:12  Marine  
  136  14:15  Missile Turret  
  139  14:21  Marine x4  
  143  14:26  Marauder x2, Medivac  
  143  14:28  Marine x2, Marauder x2  
  143  14:29  Medivac  
  143  14:30  Marauder  
  150  14:38  Marine  
  150  14:39  Marine x2  
  137  14:47  Marine x3  
  137  14:48  Marauder x2  
  137  14:49  Marauder  
  137  14:50  Marauder  
  137  14:52  Marauder  
  134  14:56  Marine x2  
  126  15:00  Orbital Command  
  101  15:09  Marauder x2, Marine x3  
  101  15:11  Marauder x2, Marine  
  101  15:13  Marauder  
  109  15:14  Marine x2  
Tags
 
Add a new tag
Caveats
  • Supply blocks, unpowered buildings, or Contaminate may cause inaccurate times.
  • Supply counts are checked every 10 seconds.